 Dungeon Crawl Stone Soup version 0.25-a0-55-g0753fd1ad2 (webtiles) character file.

Game seed: 7876489069919771405, levelgen mode: deterministic

42 Analysis the Shooter (level 3, 0/30 HPs)
             Began as a Centaur Hunter on Oct 25, 2019.
             Succumbed to an adder's poison
             ... on level 1 of the Dungeon.
             The game lasted 00:08:10 (1072 turns).

Analysis the Shooter (Centaur Hunter)               Turns: 1072, Time: 00:08:11

Health: 0/30       AC:  4    Str: 15    XL:     3   Next: 35%
Magic:  3/3        EV: 14    Int: 10    God:
Gold:   46         SH:  0    Dex: 14    Spells: 2/2 levels left

rFire    . . .     SeeInvis .   a - +1 shortbow
rCold    . . .     Gourm    .   (shield currently unavailable)
rNeg     . . .     Faith    .   c - +0 leather armour
rPois    .         Spirit   .   (no helmet)
rElec    .         Reflect  .   (no cloak)
rCorr    .         Harm     .   (no gloves)
MR       .....                  (no barding)
Stlth    ++........             (no amulet)
HPRegen  0.10/turn              (no ring)
MPRegen  0.08/turn              (no ring)

@: agile, lethally poisoned (0 -> -11), very quick
A: large, hooves 3, deformed body, speed 2, tough skin 3
a: no special abilities


You were on level 1 of the Dungeon.
You were not hungry.

You visited 1 branch of the dungeon, and saw 2 of its levels.

You collected 46 gold pieces.

Inventory:

Hand Weapons
 a - a +1 shortbow (weapon)
 b - a +0 short sword
Missiles
 d - 34 arrows (quivered)
Armour
 c - a +0 leather armour (worn)
Scrolls
 h - a scroll of identify
 i - a scroll of amnesia
Potions
 e - a potion of agility
Comestibles
 f - 2 rations


   Skills:
 + Level 2.7 Fighting
 * Level 6.4 Bows
 - Level 1.3 Dodging
 - Level 0.4 Stealth


You had 2 spell levels left.
You didn't know any spells.
Your spell library was empty.

Dungeon Overview and Level Annotations

Branches:
Dungeon (2/15)

Altars:


Innate Abilities, Weirdness & Mutations

You have hooves in place of feet.
Armour fits poorly on your strangely shaped body.
You cover ground very quickly.
You have extremely tough skin. (AC +3)


Message History

You are too injured to fight recklessly!
Okay, then.
It was a potion of agility.
You feel agile all of a sudden.
You feel sick. The adder bites you. x2
* * * LOW HITPOINT WARNING * * *
You are more poisoned.
The adder poisons you!
As you read the scroll labeled DUACAPN WUORED, it crumbles to dust.
It is a scroll of identify.
i - a scroll of amnesia
* * * LOW HITPOINT WARNING * * *
You feel sick. The adder closely misses you.
* * * LOW HITPOINT WARNING * * *
You feel sick.
* * * LOW HITPOINT WARNING * * *
You feel sick. The adder bites you but does no damage.
* * * LOW HITPOINT WARNING * * *
You feel sick.
You die...

############.##.#####.#
##.## #..........#.##.#
#.# #..#
##.######.##(##.# #.#
##.# #.#
#.##.##.#####.# #.# #.#
#.##.##.#.....# #.##
#.#
#.##....#.#########..#
#.#
#.##.S................
#.#
#..........#########..
#.#
####.@.....#.(........
#.# #.......#.######...
#.# #...(...#.# #.....
#.# ####'#..#[# #.#.#.
#.# #.#..#.####.#.#.
##.###
##.#..#......#.#.
#....#
#..#..########.#.
####.#
#.##.........).#. #.#
#.##.###########.


You could see an adder.

Vanquished Creatures
  A worker ant (D:1)
  A leopard gecko (D:1)
  2 giant cockroaches (D:1)
  4 hobgoblins (D:1)
  4 bats (D:1)
  3 goblins (D:1)
  A kobold (D:1)
  2 rats (D:1)
18 creatures vanquished.

Notes
Turn   | Place    | Note
-------+----------+-------------------------------------------
     0 | D:1      | Analysis the Centaur Hunter began the quest for the Orb.
     0 | D:1      | Reached XP level 1. HP: 17/17 MP: 1/1
   199 | D:1      | Reached XP level 2. HP: 24/24 MP: 2/2
   543 | D:1      | Reached skill level 6 in Bows
   903 | D:1      | Reached XP level 3. HP: 30/30 MP: 3/3
  1070 | D:1      | HP: 1/30 [poisoned by an adder]
  1072 | D:1      | Succumbed to an adder's poison

Levels and vault maps discovered:
D:1:      dpeg_arrival_shelter, layout_basic
D:2:      layout_loops_ring, chequers_ecumenical_altar_simple, eino_curves_03

Table legend:
 A = Non-vault XP
 B = Vault XP
 C = Vault XP percentage of total XP
 D = Non-vault monster count
 E = Vault monster count
 F = Vault count percentage of total count
                 A         B        C        D         E       F
            +---------+---------+-------+---------+---------+-------
      Total |      61 |       0 |   0.0 |      18 |       0 |   0.0
            +---------+---------+-------+---------+---------+-------
        D:1 |      61 |       0 |   0.0 |      18 |       0 |   0.0
            +---------+---------+-------+---------+---------+-------
